 Dungeon Crawl Stone Soup version bcrawl-1.12-10-g10a67aac0f (webtiles) character file.

Game seed: 8271750559434926709

2 MisterOstroum the Sneak (level 1, 0/15 HPs)
             Began as a Formicid Archaeologist on June 16, 2019.
             Slain by a quokka (4 damage)
             ... on level 2 of the Dungeon.
             The game lasted 00:00:31 (122 turns).

MisterOstroum the Sneak (Formicid Archaeologist)     Turns: 122, Time: 00:00:32

Health: 0/15       AC:  7    Str: 15    XL:     1   Next: 33%
Magic:  1/1        EV: 12    Int: 13    God:
Gold:   114        SH:  0    Dex:  9    Spells: 0/0 levels left

rFire    . . .     SeeInvis +   i - +0 club
rCold    . . .     Gourm    .   (no shield)
rNeg     . . .     Faith    .   a - +1 robe
rPois    .         Spirit   .   (helmet unavailable)
rElec    .         Reflect  .   (no cloak)
rCorr    .         Harm     .   c - +1 pair of gloves
MR       .....                  b - +1 pair of boots
Stlth    ++........             (no amulet)
HPRegen  0.05/turn              (no ring)
MPRegen  0.07/turn              (no ring)

@: no status effects
A: permanent stasis, dig shafts and tunnels, four strong arms, antennae 3
a: Dig, Shaft Self


You were on level 2 of the Dungeon.
You were not hungry.

You visited 1 branch of the dungeon, and saw 2 of its levels.

You collected 114 gold pieces.

Inventory:

Hand Weapons
 i - a +0 club (weapon)
Armour
 a - a +1 robe (worn)
 b - a +1 pair of boots (worn)
 c - a +1 pair of gloves (worn)
Potions
 g - a potion of heal wounds {unknown}
Miscellaneous
 d - a dusty tome
 f - an ancient crate
Comestibles
 e - a ration {!d}
 h - a chunk of flesh


   Skills:
 + Level 1.4 Fighting
 - Level 2.6 Dodging
 - Level 4.0 Stealth


You couldn't memorise any spells.
You didn't know any spells.
Your spell library was empty.

Dungeon Overview and Level Annotations

Branches:
Dungeon (2/12)

Altars:


Innate Abilities, Weirdness & Mutations

You cannot be hasted, slowed, berserked, paralysed or teleported.
You can dig through walls and to a lower floor.
Your four strong arms can wield two-handed weapons with a shield.
You have a pair of large antennae on your head. (SInv)


Message History

You are too injured to fight recklessly!
You are too injured to fight recklessly!
You are too injured to fight recklessly!
You are too injured to fight recklessly!
You are too injured to fight recklessly!
You are too injured to fight recklessly!
You are too injured to fight recklessly!
You are too injured to fight recklessly!
You are too injured to fight recklessly!
You are too injured to fight recklessly!
You are too injured to fight recklessly!
You are too injured to fight recklessly!
You are too injured to fight recklessly!
You are too injured to fight recklessly!
You are too injured to fight recklessly!
You are too injured to fight recklessly!
You are too injured to fight recklessly!
You are too injured to fight recklessly!
You are too injured to fight recklessly!
You are too injured to fight recklessly!
You are too injured to fight recklessly!
You are too injured to fight recklessly!
The quokka bites you but does no damage.
There is a stone staircase leading down here.
The quokka misses you.
You climb downwards.
A goblin comes into view. It is wielding a +0 club.
There is a stone staircase leading up here.
You hit the quokka but do no damage. The quokka barely misses you.
You barely miss the quokka.
The goblin shouts!
The quokka closely misses you.
You barely miss the quokka.
The quokka bites you but does no damage.
You hit the quokka.
The quokka is moderately wounded.
The quokka bites you but does no damage. x2
You closely miss the quokka.
The quokka is moderately wounded.
The quokka misses you. The goblin hits you but does no damage.
You hit the quokka.
The quokka is heavily wounded.
The quokka bites you but does no damage.
The goblin barely misses you.
You barely miss the quokka.
The quokka is heavily wounded.
The quokka bites you but does no damage.
You miss the goblin. The goblin hits you with a +0 club.
The quokka closely misses you.
You completely miss the goblin. The quokka closely misses you.
The goblin barely misses you.
The quokka bites you but does no damage.
You hit the goblin.
The goblin is severely wounded.
The goblin misses you.
A kobold comes into view. It is wielding a +0 dagger.
The quokka barely misses you.
You barely miss the goblin.
The goblin is severely wounded.
The goblin hits you with a +0 club.
* * * LOW HITPOINT WARNING * * *
The quokka closely misses you.
You miss the goblin.
The goblin is severely wounded.
The quokka misses you. The goblin hits you but does no damage.
You closely miss the goblin.
The goblin is severely wounded.
The quokka bites you but does no damage.
The goblin completely misses you.
You closely miss the goblin.
The goblin is severely wounded.
The quokka bites you but does no damage.
The goblin closely misses you. The quokka closely misses you.
You hit the goblin.
You kill the goblin!
The quokka bites you but does no damage.
The quokka bites you but does no damage.
You see here a +0 club.
i - a +0 club The quokka barely misses you.
Wield which item (- for none, * to show all)? (? for menu, Esc to quit)
i - a +0 club (weapon)
The kobold shouts!
The quokka bites you.
* * * LOW HITPOINT WARNING * * *
The quokka misses you.
There is a stone staircase leading up here.
You miss the quokka.
The quokka is heavily wounded.
The kobold throws a stone.
The stone barely misses you.
The quokka bites you but does no damage.
The kobold throws a stone.
The stone closely misses you.
You hit the quokka.
The quokka is severely wounded.
The quokka closely misses you. x2; The kobold throws a stone.
The stone closely misses you.
You closely miss the quokka.
The quokka is severely wounded.
The quokka bites you.
You die...

....
.#.# ##
.#.# #.
...###
#.#.....
.K...
#..#
##..#
#@r.#
###.# .#
.# .# .#
.#


You could see a quokka and a kobold.

Vanquished Creatures
  A goblin (D:2)
  A rat (D:1)
  A toadstool (D:1)
3 creatures vanquished.

Notes
Turn   | Place    | Note
-------+----------+-------------------------------------------
     0 | D:1      | MisterOstroum the Formicid Archaeologist began the quest
                  | for the Orb.
     0 | D:1      | Reached XP level 1. HP: 15/15 MP: 1/1
   122 | D:2      | Slain by a quokka

Action                   || total
-------------------------++-------
Melee: Unarmed           ||    32
       Club              ||     3
Armor: Robe              ||    16
Dodge: Dodged            ||    24
